 Dungeon Crawl Stone Soup version 0.31-a0-182-gc5ef74bbde (webtiles) character file.

Game seed: 10504358866601317882

196 senseless the Trooper (level 6, -1/49 HPs)
             Began as a Human Monk on June 20, 2023.
             Slain by a scorpion (5 damage)
             ... on level 4 of the Dungeon.
             The game lasted 00:05:05 (3118 turns).

senseless the Trooper (Human Monk)                  Turns: 3118, Time: 00:05:06

Health: -1/49      AC:  3    Str: 13    XL:     6   Next: 4%
Magic:  6/6        EV: 13    Int: 11    God:
Gold:   55         SH:  0    Dex: 15    Spells: 5/5 levels left

rFire   . .          .
                       - Unarmed
rCold   . . .        c - orb {light}
rNeg    . . .        a - +1 robe
rPois   .            (no helmet)
rElec   .            s - scarf {shadows}
rCorr   .            (no gloves)
SInv    .            (no boots)
Will    .....        k - amulet of the acrobat
Stlth   +            (no ring)
HPRegen 0.28/turn    (no ring)
MPRegen 0.10/turn

%: acrobat
@: lethally poisoned (-1 -> -13), glowing
A: no striking features
a: no special abilities


You were on level 4 of the Dungeon.
You visited 1 branch of the dungeon, and saw 4 of its levels.

You collected 69 gold pieces.
You spent 14 gold pieces at shops.

Inventory:

Hand Weapons
 t - a +1 dagger of flaming
Missiles
 j - 2 atropa-tipped darts
Armour
 a - a +1 robe (worn)
 c - an orb of light (worn)
 s - a scarf of shadows (worn)
Jewellery
 k - an amulet of the acrobat (around neck)
Scrolls
 e - a scroll of brand weapon {unknown}
 f - a scroll of poison
 p - a scroll of teleportation
Potions
 b - a potion of ambrosia
 d - a potion of attraction {unknown}
 g - a potion of lignification
 h - 2 potions of curing
 m - 3 potions of enlightenment
 r - a potion of cancellation


   Skills:
 + Level 4.4 Fighting
 + Level 4.3 Dodging
 + Level 4.2 Unarmed Combat


You had 5 spell levels left.
You didn't know any spells.
Your spell library contained the following spells:

 Spells                   Type           Power      Damage    Failure   Level
 Apportation              Tloc           0%         N/A       34%         1
 Magic Dart               Conj           0%         1d3       34%         1
 Necrotise                Necr           0%         1d4       34%         1
 Summon Small Mammal      Summ           0%         N/A       34%         1
 Call Imp                 Summ           0%         N/A       47%         2
 Mephitic Cloud           Conj/Pois/Air  0%         N/A       71%         3
 Ozocubu's Armour         Ice            0%         N/A       71%         3
 Ozocubu's Refrigeration  Ice            0%         4d7       100%        7


Dungeon Overview and Level Annotations

Branches:
Dungeon (4/15)
 Temple: D:4-7

Altars:
Fedhas
Kikubaaqudgha
Okawaru
Zin

Shops:
D:2 ?


Message History

The scorpion is moderately wounded.
The scorpion stings you!
You hit the scorpion.
The scorpion is moderately wounded.
The scorpion stings you.
You are poisoned.
The scorpion poisons you!
You are too injured to fight recklessly!
You are too injured to fight recklessly!
You are too injured to fight recklessly!
You are too injured to fight recklessly!
You are too injured to fight recklessly!
You are too injured to fight recklessly!
You are too injured to fight recklessly!
You are too injured to fight recklessly!
You are too injured to fight recklessly!
You are too injured to fight recklessly!
You are too injured to fight recklessly!
You are too injured to fight recklessly!
You are too injured to fight recklessly!
You are too injured to fight recklessly!
You are too injured to fight recklessly!
You hit the scorpion.
The scorpion is heavily wounded.
You feel sick. The scorpion stings you.
* * * LOW HITPOINT WARNING * * *
You are lethally poisoned!
The scorpion poisons you!
You hit the scorpion but do no damage.
The scorpion is heavily wounded.
* * * LOW HITPOINT WARNING * * *
You feel very sick. The scorpion stings you.
* * * LOW HITPOINT WARNING * * *
You barely miss the scorpion.
The scorpion is heavily wounded.
* * * LOW HITPOINT WARNING * * *
You feel very sick. The scorpion stings you.
You die...

###..............#
#..............#
#..............
#......#######
###'##.# #.##.#
#.##.#
..##########.##.#
.........@s...#..
...#########..###
...... .....###
...W..# .......#
........#


You could see a scorpion.

Vanquished Creatures
  A phantom (D:4)
  A gnoll (D:3)
  2 adders (D:3)
  A white imp (D:3)
  A worm (D:3)
  2 orcs
  6 endoplasms
  4 giant cockroaches
  14 goblins
  6 hobgoblins
  4 jackals (D:4)
  A quokka (D:3)
  8 ball pythons
  8 bats
  7 frilled lizards
  9 kobolds
  2 rats (D:1)
77 creatures vanquished.

Notes
Turn   | Place    | Note
-------+----------+-------------------------------------------
     0 | D:1      | senseless the Human Monk began the quest for the Orb.
     0 | D:1      | Reached XP level 1. HP: 18/18 MP: 1/1
   207 | D:1      | Reached XP level 2. HP: 24/24 MP: 2/2
   606 | D:1      | Reached XP level 3. HP: 29/29 MP: 3/3
  1122 | D:2      | Found Fyntivva's Magic Scroll Shop.
  1136 | D:2      | Bought a scroll of noise for 14 gold pieces
  1483 | D:2      | Reached XP level 4. HP: 36/36 MP: 4/4
  2038 | D:3      | Found a glowing silver altar of Zin.
  2357 | D:3      | Reached XP level 5. HP: 42/42 MP: 5/5
  2517 | D:3      | Found a faded altar of an unknown god.
  2615 | D:3      | Found a blossoming altar of Fedhas.
  2895 | D:4      | Found an ancient bone altar of Kikubaaqudgha.
  2895 | D:4      | Found an iron altar of Okawaru.
  3081 | D:4      | Noticed a phantom
  3101 | D:4      | Killed a phantom
  3102 | D:4      | Reached XP level 6. HP: 29/49 MP: 6/6
  3118 | D:4      | Slain by a scorpion

Illustrated notes

Levels and vault maps discovered:
D:1:      heliophobic_arrival_enchanted_forest, layout_loops_corners,
          reono_crystal_passage, st_stairs_6
D:2:      layout_basic, serial_shops, shop, supply_closet_lemuel
D:3:      minmay_angry_zag, layout_rooms, zin_scriptorium,
          fedhas_altar_fruit_tree, shapermc_ecumenical_altar_pompeii,
          wad_rectangle_vault
D:4:      layout_basic, mainiacjoe_overflow_alcove_4,
          gammafunk_temple_overflow_wave

Skill      XL: |  1  2  3  4  5 |
---------------+----------------+-----
Fighting       | 4 |  4.4
Dodging        | 4 |  4.3
Unarmed Combat | 4 |  4.2

Action                     |  1- 3 |  4- 6 || total
---------------------------+-------+-------++-------
  Melee: Unarmed           |   115 |   147 ||   262
    Use: Scroll            |       |    12 ||    12
 Armour: Robe              |    21 |    15 ||    36
  Dodge: Dodged            |    65 |   115 ||   180

Table legend: (Time is in decaauts)
 A = Elapsed time spent in this place.
 B = Non-inter-level travel time spent in this place.
 C = Inter-level travel time spent in this place.
 D = Time resting spent in this place.
 E = Time spent auto-exploring this place.
 F = Levels seen in this place.
 G = Mean time per level.
                   A        B        C        D        E       F      G
               +--------+--------+--------+--------+--------+-----+--------+
         Total |   3100 |   2895 |    205 |     71 |   2310 |   4 |  775.0 |
       Dungeon |   3100 |   2895 |    205 |     71 |   2310 |   4 |  775.0 |
               +--------+--------+--------+--------+--------+-----+--------+

Top non-repeatable levels by time:
     D:3: 1109 daAuts
     D:1: 1024 daAuts
     D:2: 710 daAuts
     D:4: 256 daAuts
